 Dungeon Crawl Stone Soup version 0.28.0-45-g0d030f2227 (webtiles) character file.

Game seed: 17823907636970149846

17 Diomare the Caller (level 2, 0/13 HPs)
             Began as a Vine Stalker Summoner on Apr 15, 2022.
             Succumbed to an adder's poison
             ... on level 2 of the Dungeon.
             The game lasted 00:07:53 (1242 turns).

Diomare the Caller (Vine Stalker Summoner)          Turns: 1242, Time: 00:07:53

Health: 0/13       AC:  6    Str: 10    XL:     2   Next: 62%
Magic:  1/6        EV: 10    Int: 15    God:
Gold:   65         SH:  0    Dex: 14    Spells: 2/5 levels left

rFire   + . .      SeeInvis .   f - +0 club
rCold   . . .      Faith    .   (no shield)
rNeg    . . .      Spirit   +   c - +1 ring mail {rF+}
rPois   .          Reflect  .   (no helmet)
rElec   .          Harm     .   (no cloak)
rCorr   .          Rampage  .   (no gloves)
Will    .....                   (no boots)
Stlth   ++........              (no amulet)
HPRegen 0.04/turn               (no ring)
MPRegen 0.10/turn               (no ring)

@: lethally poisoned (0 -> -5)
A: fangs 2, magic shield, antimagic bite, no potion heal 2
a: no special abilities


You were on level 2 of the Dungeon.
You visited 1 branch of the dungeon, and saw 2 of its levels.

You collected 65 gold pieces.

Inventory:

Hand Weapons
 f - a +0 club (weapon)
Armour
 a - a +0 robe
 b - a +0 leather armour
 c - a +1 ring mail of fire resistance (worn)
Jewellery
 j - an amulet of faith
Scrolls
 d - a scroll of amnesia {unknown}
 e - a scroll of magic mapping {unknown}
 g - a scroll of torment {unknown}
 k - a scroll of identify {unknown}
 l - a scroll of silence {unknown}
Potions
 h - a potion of heal wounds {unknown}
 i - a potion of curing {unknown}


   Skills:
 + Level 1.7 Dodging
 + Level 2.8 Stealth
 * Level 2.3 Spellcasting
 * Level 4.3 Summonings


You had 2 spell levels left.
You knew the following spells:

 Your Spells              Type           Power      Damage    Failure   Level
a - Summon Small Mammal   Summ           56%        N/A       10%         1
b - Call Imp              Summ           14%        N/A       14%         2

Your spell library contained the following spells:

 Spells                   Type           Power      Damage    Failure   Level
 Call Canine Familiar     Summ           14%        N/A       28%         3
 Summon Guardian Golem    Hex/Summ       8%         N/A       56%         3
 Summon Lightning Spire   Summ/Air       8%         N/A       92%         4


Dungeon Overview and Level Annotations

Branches:
Dungeon (2/15)

Altars:


Innate Abilities, Weirdness & Mutations

You have extremely sharp teeth.
When hurt, damage is shared between your health and your magic reserves.
Your bite disrupts and absorbs the magic of your enemies.
Potions cannot restore your health.


Message History

You see here 28 stones.
An adder comes into view.
The adder hisses angrily.
Casting: Summon Small Mammal (safe; 10% risk of failure)
Confirm with . or Enter, or press ? or * to list all spells.
A beastly little devil appears in a puff of flame.
Casting: Call Imp (safe; 14% risk of failure)
Confirm with . or Enter, or press ? or * to list all spells.
The adder bites you.
You are poisoned.
The adder poisons you!
Casting: Summon Small Mammal (safe; 10% risk of failure)
Confirm with . or Enter, or press ? or * to list all spells.
You feel sick. The adder bites you.
You are lethally poisoned!
The adder poisons you! What are your orders? t - Shout!
Orders for allies: a - Attack new target. r - Retreat! s - Stop attacking. g - Guard the area. f - Follow me.
Anything else - Cancel.
Gang up on whom?
Press: ? - help, Dir - move target, f - adder
Aim: an adder (ally target) Attack!
You feel sick. The adder bites you but does no damage.
Your crimson imp barely misses the adder.
You swap places.
* * * LOW HITPOINT WARNING * * *
You feel sick.
Your bat hits the adder but does no damage.
The adder barely misses your bat.
Your crimson imp blinks!
Your bat closely misses the adder.
You swap places.
* * * LOW HITPOINT WARNING * * *
You feel sick.
Your bat closely misses the adder.
Your bat misses the adder.
Your bat barely misses the adder.
Your bat misses the adder. The adder barely misses your bat.
You die...

#.# #.. #.#
#.# #.# ###
#.# .. #.# .#
#.# ##.##
#.######...##
#(..@.bS§b..#
########...##
##.## .# ..
###


You could see an adder (ally target) and 2 friendly bats.

Vanquished Creatures
  A giant cockroach (D:1)
  A hobgoblin (D:2)
2 creatures vanquished.

Vanquished Creatures (collateral kills)
  A ball python (D:2)
  2 goblins
  A hobgoblin (D:1)
  4 jackals (D:2)
  2 quokkas
  A bat (D:1)
11 creatures vanquished.

Grand Total: 13 creatures vanquished

Notes
Turn   | Place    | Note
-------+----------+-------------------------------------------
     0 | D:1      | Diomare the Vine Stalker Summoner began the quest for the
                  | Orb.
     0 | D:1      | Reached XP level 1. HP: 9/9 MP: 4/4
   911 | D:2      | Reached XP level 2. HP: 13/13 MP: 3/6
   915 | D:2      | Learned a level 2 spell: Call Imp
  1242 | D:2      | Succumbed to an adder's poison

Illustrated notes

Levels and vault maps discovered:
D:1:      dpeg_arrival_more_subterranean_lakeside_camping, layout_basic,
          minmay_cupped
D:2:      layout_loops_ring, basic_altar, minmay_goblin_outpost

Action                   || total
-------------------------++-------
Melee: Club              ||    11
 Cast: Summon Small Mamm ||    19
       Call Imp          ||     5
Armor: Ring mail         ||    12
Dodge: Dodged            ||    17
